 Dungeon Crawl Stone Soup version 0.19.4-9-g45fd643 (webtiles) character file.

807 oplop the Chiller (level 7, 0/46 HPs)
             Began as an Octopode Ice Elementalist on Feb 20, 2017.
             Succumbed to a killer bee's poison
             ... on level 7 of the Dungeon.
             The game lasted 00:12:58 (5388 turns).

oplop the Chiller (Octopode Ice Elementalist)       Turns: 5388, Time: 00:12:58

Health: 0/46       AC:  1    Str:  7    XL:     7   Next: 92%
Magic:  13/13      EV: 22    Int: 19    God:
Gold:   253        SH:  0    Dex: 18    Spells: 5 memorised, 0 levels left

rFire  . . .     SeeInvis +     x - +0 short sword (drain)
rCold  . . .     Gourm    .     (no shield)
rNeg   . . .     Faith    .     (helmet restricted)
rPois  .         Spirit   .     (no amulet)
rElec  .         Reflect  .     t - +3 ring of evasion
rCorr  .         Harm     .     y - ring of see invisible
MR     .....                    (no ring)
Stlth  ++++......               (no ring)
                                (no ring)
                                (no ring)
                                (no ring)
                                (no ring)

@: agile, lethally poisoned (0 -> -2), very slightly contaminated
A: almost no armour, stealthy swim, amphibious, 8 rings, constrict 8, camouflage
1, gelatinous body 1
a: no special abilities


You were on level 7 of the Dungeon.
You were not hungry.

You visited 1 branch of the dungeon, and saw 7 of its levels.
You also visited: Sewer.

You collected 253 gold pieces.

Inventory:

Hand Weapons
 r - a +0 trident
 x - a +0 short sword of draining (weapon)
Jewellery
 t - a +3 ring of evasion (left tentacle)
 y - a ring of see invisible (right tentacle)
Wands
 w - a wand of slowing (9/48)
Scrolls
 c - 8 scrolls of identify {unknown}
 d - 5 scrolls of remove curse {unknown}
 e - a scroll of random uselessness
 g - 6 scrolls of teleportation {unknown}
 h - a scroll of immolation {unknown}
 n - a scroll of amnesia {unknown}
 p - a scroll of fear {unknown}
 q - 8 scrolls of blinking {unknown}
 s - 3 scrolls of enchant weapon {unknown}
 v - a scroll of magic mapping {unknown}
Potions
 f - a potion of lignification {unknown}
 j - a potion of magic
 l - 2 potions of degeneration {unknown}
 o - a potion of heal wounds {unknown}
 u - a potion of brilliance {unknown}
 z - a potion of berserk rage {unknown}
Books
 a - a book of Frost

   Spells                             Type                      Level
   a - Freeze                         Ice                          1
   b - Throw Frost                    Conjuration/Ice              2
   c - Ozocubu's Armour               Charms/Ice                   3
   d - Throw Icicle                   Conjuration/Ice              4
   e - Summon Ice Beast               Ice/Summoning                4
Comestibles
 b - 5 bread rations
 k - 2 beef jerkies


   Skills:
 - Level 3.2 Fighting
 + Level 2.1 Dodging
 - Level 2.6 Stealth
 + Level 4.1 Spellcasting
 * Level 2.0 Conjurations
 * Level 1.2 Summonings
 * Level 6.7 Ice Magic


You couldn't memorise any spells.
You knew the following spells:

 Your Spells              Type           Power        Failure   Level  Hunger
a - Freeze                Ice            ####         1%          1    None
b - Ozocubu's Armour      Chrm/Ice       ###.....     12%         3    ###....
c - Throw Frost           Conj/Ice       ###...       4%          2    ##.....
d - Throw Icicle          Conj/Ice       ###.....     28%         4    ####...
e - Summon Ice Beast      Ice/Summ       ###.....     28%         4    ####...


Dungeon Overview and Level Annotations

Branches:
Dungeon (7/15)
 Temple: D:4-7

Altars:
Ru
Uskayaw

Annotations:
D:4 Duvessa, Sigmund
D:7 Joseph


Innate Abilities, Weirdness & Mutations

You cannot wear most types of armour.
You are very stealthy in the water. (Stealth+)
You are amphibious.
You can wear up to eight rings at the same time.
You can use your tentacles to constrict eight enemies at once.
Your skin changes colour to match your surroundings (Stealth+).
Your rubbery body absorbs attacks. (AC +1, EV +1)


Message History

You feel better. The killer bee barely misses you.
You feel agile all of a sudden.
The killer bee completely misses you. x2; The killer bee stings you.
* * * LOW HITPOINT WARNING * * *
You are poisoned.
The killer bee poisons you! The killer bee stings you.
* * * LOW HITPOINT WARNING * * *
It was a potion of magic.
Magic courses through your body.
You feel sick. The killer bee stings you.
* * * LOW HITPOINT WARNING * * *
The killer bee barely misses you. The killer bee misses you.
The killer bee barely misses you.
You miss the killer bee. Your grab misses the killer bee.
The killer bee is moderately wounded.
The killer bee closely misses you. The killer bee misses you.
The killer bee closely misses you. x2
You hit the killer bee but do no damage.
You drain the killer bee! Your grab misses the killer bee.
The killer bee is moderately wounded.
You die...

#####....#...####
####.###(...# #.........#
.. .#####.........# ...
...............# ....
##.... ######.........#
#.... #...y.
#....(....##... #.....
#............ ....yJ
###@.........# #....
#####.yy.........#
#...##.....#...###.##.##
...####...###...[.###.##<.#
.[......####..._......###.#
####....###...........# .#
.............#####....# .#
#####...###..#((.#....# .#
#.#..#.>.#...#....# ..


You could see 2 killer bees and 2 dancing weapons.

Vanquished Creatures
  A centaur (D:5)
  A killer bee (D:7)
  A howler monkey (D:7)
  3 crimson imps
  2 orc priests
  A hound (D:5)
  4 orc wizards
  2 worker ants
  4 gnolls
  3 river rats (D:3)
  5 adders
  A howler monkey skeleton (D:6)
  An ooze (D:5)
  6 worms
  7 leopard geckos
  14 orcs
  7 bats
  9 giant cockroaches
  6 goblins
  5 hobgoblins
  20 jackals
  12 kobolds
  4 quokkas
  3 ball pythons
  4 frilled lizards
  12 rats
138 creatures vanquished.

Notes
Turn   | Place    | Note
-------+----------+-------------------------------------------
     0 | D:1      | oplop the Octopode Ice Elementalist began the quest for the Orb.
     0 | D:1      | Reached XP level 1. HP: 11/11 MP: 3/3
    80 | D:1      | Reached XP level 2. HP: 15/18 MP: 5/5
   336 | D:1      | Reached XP level 3. HP: 18/22 MP: 6/6
   390 | D:1      | Reached skill level 1 in Fighting
   720 | D:2      | Reached skill level 4 in Ice Magic
   749 | D:2      | Reached XP level 4. HP: 15/28 MP: 7/7
  1934 | D:3      | Reached XP level 5. HP: 28/34 MP: 5/9
  2184 | D:3      | Learned a level 3 spell: Ozocubu's Armour
  2187 | D:3      | Learned a level 2 spell: Throw Frost
  2334 | D:3      | Reached skill level 5 in Ice Magic
  2404 | D:3      | Found a glowing drain.
  2409 | Sewer    | Entered a sewer
  2671 | Sewer    | Noticed Purgy
  2676 | Sewer    | Noticed a big kobold
  2798 | D:3      | Reached XP level 6. HP: 30/39 MP: 10/10
  3495 | D:4      | Noticed Sigmund
  3784 | D:4      | Noticed Duvessa
  3809 | D:5      | Entered Level 5 of the Dungeon
  3811 | D:5      | Found a sacrificial altar of Ru.
  3870 | D:5      | Learned a level 4 spell: Throw Icicle
  4035 | D:5      | Reached skill level 6 in Ice Magic
  4055 | D:5      | Reached XP level 7. HP: 41/45 MP: 3/12
  4541 | D:6      | Noticed a gargoyle
  4987 | D:7      | Found a hide-covered altar of Uskayaw.
  4987 | D:7      | Noticed a hand axe
  4987 | D:7      | Noticed a dagger
  4994 | D:7      | Noticed Joseph
  5152 | D:6      | Learned a level 4 spell: Summon Ice Beast
  5375 | D:7      | Reached skill level 1 in Summonings
  5386 | D:7      | HP: 1/46 [killer bee (3)]
  5388 | D:7      | Succumbed to a killer bee's poison

Skill      XL: |  1  2  3  4  5  6  7 |
---------------+----------------------+-----
Fighting       | 1 2 3 |  3.2
Ice Magic      | 4 5 6 |  6.7
Spellcasting   | 3 4 |  4.1
Summonings     | 1 |  1.2
Conjurations   | 2 |  2.0
Dodging        | |  2.1
Stealth        | |  2.6

Action                   |  1- 3 |  4- 6 |  7- 9 || total
-------------------------+-------+-------+-------++-------
Melee: Unarmed           |    67 |   167 |       ||   234
       Constrict         |    26 |    52 |    16 ||    94
       Tentacles         |     8 |    26 |    13 ||    47
       Short sword       |       |     4 |    61 ||    65
 Cast: Freeze            |    17 |    65 |    12 ||    94
       Ozocubu's Armour  |       |     5 |     2 ||     7
       Throw Frost       |       |    12 |     4 ||    16
  Use: Potion            |       |       |     5 ||     5
       Scroll            |       |       |     1 ||     1
 Stab: Sleeping          |     7 |    12 |     5 ||    24
       Distracted        |     1 |       |       ||     1
  Eat: Chunk             |       |    11 |     3 ||    14
       Beef jerky        |       |       |     1 ||     1
Armor: Skin              |    14 |    19 |     2 ||    35
Dodge: Dodged            |    62 |   146 |    91 ||   299
